[ AOE2 MATCH · #484507828 ]
Team RMByzantines vs Turks
[ REPLAY ANALYSIS · EXTRACTED FROM THE RECORDED GAME ]
Feudal
—
Castle
—
Imperial
—
| APM avg | 17.1 |
| APM peak | 77 |
| eAPM avg | 15.3 |
| Villagers / military | 81 / 304 |
Focus
⚔️ 36.9% · 🌾 63.1%
Knight ×154 · Hand Cannoneer ×80 · Mangonel ×48 · Cataphract ×17 · Trade Cart ×15 · Bombard Cannon ×5
Feudal
—
Castle
—
Imperial
—
| APM avg | 19.2 |
| APM peak | 72 |
| eAPM avg | 15.2 |
| Villagers / military | 126 / 507 |
Focus
⚔️ 55.0% · 🌾 45.0%
Scout Cavalry ×321 · Janissary ×85 · Cavalry Archer ×50 · Bombard Cannon ×37 · Trade Cart ×35 · Archer ×9
Feudal
—
Castle
—
Imperial
—
| APM avg | 38.7 |
| APM peak | 208 |
| eAPM avg | 37.5 |
| Villagers / military | 204 / 813 |
Focus
⚔️ 36.7% · 🌾 63.3%
Scout Cavalry ×404 · Hand Cannoneer ×224 · Archer ×95 · Bombard Cannon ×85 · Trade Cart ×31 · Hussite Wagon ×3
Feudal
—
Castle
—
Imperial
—
| APM avg | 11.1 |
| APM peak | 27 |
| eAPM avg | 8.9 |
| Villagers / military | 87 / 803 |
Focus
⚔️ 58.3% · 🌾 41.7%
Archer ×619 · War Elephant ×165 · Trebuchet (Packed) ×10 · Trade Cart ×8 · Spearman ×8 · Monk ×1
Feudal
—
Castle
—
Imperial
—
| APM avg | 21.5 |
| APM peak | 67 |
| eAPM avg | 17.1 |
| Villagers / military | 73 / 689 |
Focus
⚔️ 65.0% · 🌾 35.0%
Militia ×405 · Knight ×235 · Bombard Cannon ×41 · Trade Cart ×38 · Scorpion ×6 · Monk ×2
Feudal
—
Castle
—
Imperial
—
| APM avg | 22.5 |
| APM peak | 81 |
| eAPM avg | 13.1 |
| Villagers / military | 159 / 280 |
Focus
⚔️ 25.0% · 🌾 75.0%
Teutonic Knight ×139 · Scorpion ×63 · Mangonel ×40 · Knight ×33 · Trade Cart ×26 · Fishing Ship ×11
Feudal
—
Castle
—
Imperial
—
| APM avg | 50.8 |
| APM peak | 122 |
| eAPM avg | 28.6 |
| Villagers / military | 224 / 2 |
Focus
⚔️ 46.4% · 🌾 53.6%
Unknown (1944) ×316 · Unknown (1952) ×159 · Unknown (1949) ×55 · Trade Cart ×43 · Unknown (1942) ×41 · Unknown (1954) ×6
Feudal
—
Castle
—
Imperial
—
| APM avg | 17.5 |
| APM peak | 76 |
| eAPM avg | 12.6 |
| Villagers / military | 122 / 901 |
Focus
⚔️ 43.2% · 🌾 56.8%
Spearman ×571 · Militia ×169 · Samurai ×65 · Mangonel ×57 · Trade Cart ×49 · Scorpion ×20
Match map
Initial resources + every placement click. Lines = walls · curves = elevation contours. ◆ gold · ⬟ stone · ● berries · ✦ relic · ◌ wall gap
Your base· Open — opponent sealed themselves in
dikshantsiwach6's base· ✓ Closed at 27:44 · 96t walls · no gate
kewlkraut's base· Open — opponent sealed themselves in
Spike's base· ✓ Closed at 19:36 · 0t walls · no gate
angelottis's base· Open — opponent sealed themselves in
guang's base· ✓ Closed at 14:40 · 10t walls · no gate
Marisol's base· Open — opponent sealed themselves in
even star's base· ✓ Closed at 14:45 · 0t walls · no gate
Smoothed initial terrain · ◌ = detected wall gap · hover for details
Inputs per minute
— BrendaG9918 - - dikshantsiwach6
Build order — BrendaG9918
First 150 of 549 actions detected
| 0:32 | Build | House |
| 0:34 | Build | House |
| 0:35 | Build | House |
| 0:39 | Build | House |
| 0:40 | Build | House |
| 0:41 | Build | House |
| 0:43 | Build | House |
| 0:44 | Build | House |
| 0:50 | Create | Villager (Male) |
| 0:50 | Create | Villager (Male) |
| 0:51 | Create | Villager (Male) |
| 0:51 | Create | Villager (Male) |
| 0:51 | Create | Villager (Male) |
| 0:51 | Create | Villager (Male) |
| 0:52 | Research | Loom |
| 2:07 | Create | Villager (Male) |
| 3:55 | Create | Villager (Male) |
| 3:56 | Create | Villager (Male) |
| 3:56 | Create | Villager (Male) |
| 3:56 | Create | Villager (Male) |
| 3:57 | Create | Villager (Male) |
| 4:49 | Build | Mill |
| 5:22 | Create | Villager (Male) |
| 5:22 | Create | Villager (Male) |
| 8:49 | Build | Lumber Camp |
| 8:59 | Create | Villager (Male) |
| 9:57 | Research | Feudal Age |
| 11:52 | Create | Villager (Male) |
| 11:53 | Create | Villager (Male) |
| 11:54 | Create | Villager (Male) |
| 11:55 | Create | Villager (Male) |
| 12:44 | Build | Market |
| 13:34 | Build | Mining Camp |
| 13:44 | Create | Villager (Male) |
| 13:45 | Create | Villager (Male) |
| 14:03 | Create | Villager (Male) |
| 14:21 | Build | Mining Camp |
| 14:59 | Create | Villager (Male) |
| 14:59 | Create | Villager (Male) |
| 15:44 | Create | Villager (Male) |
| 15:49 | Research | Horse Collar |
| 15:53 | Research | Gold Mining |
| 15:57 | Research | Stone Mining |
| 16:06 | Build | Blacksmith |
| 16:11 | Create | Trade Cart |
| 16:12 | Create | Trade Cart |
| 16:31 | Create | Villager (Male) |
| 16:32 | Create | Villager (Male) |
| 17:09 | Create | Trade Cart |
| 18:06 | Build | Barracks |
| 18:29 | Build | Farm |
| 18:47 | Build | Farm |
| 19:10 | Build | Farm |
| 19:15 | Create | Villager (Male) |
| 19:59 | Build | Archery Range |
| 20:04 | Create | Villager (Male) |
| 20:05 | Create | Villager (Male) |
| 20:07 | Create | Villager (Male) |
| 20:23 | Create | Trade Cart |
| 20:28 | Create | Villager (Male) |
| 21:25 | Build | Stable |
| 21:45 | Create | Trade Cart |
| 21:59 | Create | Villager (Male) |
| 22:00 | Create | Villager (Male) |
| 22:01 | Create | Villager (Male) |
| 22:14 | Build | Farm |
| 22:19 | Build | Farm |
| 22:27 | Build | Farm |
| 22:37 | Build | Farm |
| 22:55 | Build | Farm |
| 23:30 | Build | Stone Wall |
| 23:48 | Create | Villager (Male) |
| 23:49 | Create | Villager (Male) |
| 24:29 | Build | Farm |
| 24:44 | Build | Farm |
| 24:47 | Create | Villager (Male) |
| 24:54 | Create | Villager (Male) |
| 25:20 | Build | House |
| 25:21 | Build | House |
| 25:23 | Build | House |
| 25:24 | Build | House |
| 25:26 | Build | House |
| 25:26 | Build | House |
| 25:28 | Build | House |
| 25:30 | Build | House |
| 25:32 | Build | House |
| 25:33 | Build | House |
| 25:36 | Build | House |
| 25:37 | Build | House |
| 25:43 | Build | House |
| 25:46 | Build | House |
| 25:56 | Build | Farm |
| 26:13 | Create | Villager (Male) |
| 26:16 | Create | Villager (Male) |
| 26:46 | Build | Farm |
| 27:21 | Build | Stone Wall |
| 27:33 | Build | Farm |
| 27:36 | Research | Castle Age |
| 28:24 | Research | Double-Bit Axe |
| 28:29 | Research | Scale Mail Armor |
| 28:30 | Research | Padded Archer Armor |
| 28:54 | Research | Fletching |
| 29:47 | Research | Scale Barding Armor |
| 30:04 | Research | Forging |
| 30:38 | Create | Knight |
| 30:38 | Create | Knight |
| 30:38 | Create | Knight |
| 30:38 | Create | Knight |
| 30:49 | Create | Knight |
| 31:06 | Build | Castle |
| 31:16 | Create | Villager (Male) |
| 31:31 | Create | Villager (Male) |
| 32:04 | Build | Siege Workshop |
| 32:05 | Build | Siege Workshop |
| 32:39 | Build | University |
| 32:52 | Build | Stable |
| 32:54 | Build | Stable |
| 33:00 | Create | Villager (Male) |
| 33:01 | Create | Villager (Male) |
| 33:10 | Create | Knight |
| 33:10 | Create | Knight |
| 33:10 | Create | Knight |
| 33:11 | Create | Knight |
| 33:11 | Create | Knight |
| 33:11 | Create | Knight |
| 33:11 | Create | Knight |
| 33:11 | Create | Knight |
| 33:50 | Build | Farm |
| 33:53 | Create | Villager (Male) |
| 34:10 | Build | Siege Workshop |
| 34:12 | Build | Siege Workshop |
| 34:15 | Build | Siege Workshop |
| 34:32 | Build | Farm |
| 34:37 | Build | Farm |
| 34:38 | Research | Chain Barding Armor |
| 34:45 | Create | Villager (Male) |
| 34:46 | Create | Villager (Male) |
| 35:14 | Research | Tech 909 |
| 35:16 | Research | Ballistics |
| 35:23 | Build | Farm |
| 35:34 | Build | Castle |
| 35:43 | Create | Mangonel |
| 35:43 | Create | Mangonel |
| 35:43 | Create | Mangonel |
| 35:44 | Create | Mangonel |
| 35:44 | Create | Mangonel |
| 35:44 | Create | Mangonel |
| 35:44 | Create | Mangonel |
| 35:45 | Create | Mangonel |
| 35:45 | Create | Mangonel |
Build order — dikshantsiwach6
First 150 of 867 actions detected
| 0:18 | Build | House |
| 0:23 | Create | Villager (Male) |
| 0:24 | Create | Villager (Male) |
| 0:24 | Create | Villager (Male) |
| 0:24 | Create | Villager (Male) |
| 0:24 | Create | Villager (Male) |
| 0:54 | Research | Loom |
| 1:29 | Create | Villager (Male) |
| 1:30 | Create | Villager (Male) |
| 1:30 | Create | Villager (Male) |
| 1:30 | Create | Villager (Male) |
| 1:30 | Create | Villager (Male) |
| 1:30 | Create | Villager (Male) |
| 1:31 | Create | Villager (Male) |
| 1:31 | Create | Villager (Male) |
| 1:56 | Build | Palisade Wall |
| 3:35 | Build | Palisade Wall |
| 3:45 | Build | Palisade Wall |
| 3:53 | Build | Palisade Wall |
| 4:10 | Create | Villager (Male) |
| 4:10 | Create | Villager (Male) |
| 4:10 | Create | Villager (Male) |
| 4:47 | Build | Palisade Wall |
| 4:59 | Build | Palisade Wall |
| 5:13 | Build | Palisade Wall |
| 5:37 | Create | Villager (Male) |
| 5:37 | Create | Villager (Male) |
| 6:00 | Build | Palisade Wall |
| 6:39 | Create | Villager (Male) |
| 6:39 | Create | Villager (Male) |
| 6:39 | Create | Villager (Male) |
| 7:57 | Create | Villager (Male) |
| 7:57 | Create | Villager (Male) |
| 7:58 | Create | Villager (Male) |
| 7:58 | Create | Villager (Male) |
| 8:05 | Build | House |
| 8:06 | Build | House |
| 8:24 | Build | Mill |
| 10:02 | Build | Palisade Wall |
| 10:14 | Create | Villager (Male) |
| 10:14 | Create | Villager (Male) |
| 10:14 | Create | Villager (Male) |
| 10:49 | Create | Villager (Male) |
| 10:49 | Create | Villager (Male) |
| 10:50 | Create | Villager (Male) |
| 11:22 | Build | House |
| 12:01 | Build | Palisade Wall |
| 12:10 | Create | Villager (Male) |
| 12:10 | Create | Villager (Male) |
| 12:10 | Create | Villager (Male) |
| 12:11 | Create | Villager (Male) |
| 13:28 | Build | Palisade Wall |
| 13:32 | Create | Villager (Male) |
| 13:32 | Create | Villager (Male) |
| 13:34 | Create | Villager (Male) |
| 15:06 | Build | Lumber Camp |
| 16:22 | Build | Mill |
| 16:30 | Create | Villager (Male) |
| 16:31 | Create | Villager (Male) |
| 16:41 | Create | Villager (Male) |
| 17:50 | Research | Feudal Age |
| 18:29 | Build | House |
| 18:31 | Build | House |
| 18:33 | Build | House |
| 18:34 | Build | House |
| 19:40 | Build | Farm |
| 19:41 | Build | Farm |
| 19:42 | Build | Farm |
| 19:45 | Build | Farm |
| 19:46 | Build | Farm |
| 19:51 | Build | Farm |
| 19:54 | Build | Farm |
| 20:04 | Build | Farm |
| 20:20 | Build | Farm |
| 20:22 | Create | Villager (Male) |
| 20:23 | Create | Villager (Male) |
| 20:23 | Create | Villager (Male) |
| 20:23 | Create | Villager (Male) |
| 20:25 | Create | Villager (Male) |
| 20:38 | Build | Farm |
| 21:01 | Build | Farm |
| 22:02 | Build | Lumber Camp |
| 22:20 | Build | Mining Camp |
| 22:22 | Create | Villager (Male) |
| 22:22 | Create | Villager (Male) |
| 22:23 | Create | Villager (Male) |
| 22:52 | Build | Farm |
| 23:18 | Build | Farm |
| 23:38 | Build | Farm |
| 23:44 | Create | Villager (Male) |
| 23:45 | Create | Villager (Male) |
| 23:53 | Build | Farm |
| 24:21 | Create | Villager (Male) |
| 24:46 | Build | Blacksmith |
| 24:53 | Research | Double-Bit Axe |
| 25:15 | Research | Horse Collar |
| 25:36 | Create | Villager (Male) |
| 25:36 | Create | Villager (Male) |
| 25:57 | Build | Market |
| 26:16 | Create | Villager (Male) |
| 26:18 | Research | Wheelbarrow |
| 26:46 | Build | Barracks |
| 26:53 | Create | Villager (Male) |
| 26:53 | Create | Villager (Male) |
| 27:10 | Research | Wheelbarrow |
| 27:42 | Build | Archery Range |
| 27:44 | Research | Castle Age |
| 28:13 | Build | House |
| 28:13 | Build | House |
| 28:15 | Build | House |
| 28:17 | Build | House |
| 28:20 | Build | House |
| 28:22 | Build | House |
| 28:23 | Build | House |
| 28:57 | Build | Stable |
| 29:04 | Build | Lumber Camp |
| 29:39 | Build | Farm |
| 30:26 | Research | Wheelbarrow |
| 30:32 | Create | Villager (Male) |
| 30:33 | Create | Villager (Male) |
| 30:33 | Create | Villager (Male) |
| 31:47 | Build | Town Center |
| 32:00 | Create | Villager (Male) |
| 32:02 | Create | Villager (Male) |
| 32:02 | Create | Villager (Male) |
| 32:02 | Create | Villager (Male) |
| 32:18 | Build | Mining Camp |
| 32:33 | Create | Villager (Male) |
| 32:33 | Create | Villager (Male) |
| 32:33 | Create | Villager (Male) |
| 33:08 | Create | Villager (Male) |
| 33:09 | Create | Villager (Male) |
| 33:09 | Create | Villager (Male) |
| 33:09 | Create | Villager (Male) |
| 33:09 | Create | Villager (Male) |
| 33:38 | Build | Town Center |
| 33:45 | Create | Villager (Male) |
| 33:45 | Create | Villager (Male) |
| 33:47 | Research | Gold Mining |
| 33:47 | Research | Stone Mining |
| 33:56 | Build | Lumber Camp |
| 34:08 | Create | Villager (Male) |
| 34:09 | Create | Villager (Male) |
| 34:09 | Create | Villager (Male) |
| 34:11 | Research | Wheelbarrow |
| 34:13 | Create | Villager (Male) |
| 34:14 | Create | Villager (Male) |
| 34:14 | Create | Villager (Male) |
| 34:21 | Create | Villager (Male) |
| 34:57 | Build | Farm |
Build order — kewlkraut
First 150 of 1899 actions detected
| 0:06 | Create | Villager (Male) |
| 0:07 | Create | Villager (Male) |
| 0:07 | Create | Villager (Male) |
| 0:07 | Create | Villager (Male) |
| 0:21 | Build | House |
| 1:47 | Create | Villager (Male) |
| 2:25 | Build | House |
| 2:32 | Build | House |
| 2:34 | Build | House |
| 3:01 | Build | House |
| 3:11 | Build | Mill |
| 3:14 | Create | Villager (Male) |
| 3:14 | Create | Villager (Male) |
| 3:29 | Create | Villager (Male) |
| 3:29 | Create | Villager (Male) |
| 3:59 | Create | Villager (Male) |
| 4:15 | Create | Villager (Male) |
| 5:34 | Build | Palisade Wall |
| 5:46 | Build | Palisade Wall |
| 5:49 | Create | Villager (Male) |
| 5:58 | Create | Villager (Male) |
| 6:19 | Create | Villager (Male) |
| 6:50 | Create | Villager (Male) |
| 6:59 | Create | Villager (Male) |
| 6:59 | Create | Villager (Male) |
| 7:57 | Create | Villager (Male) |
| 7:57 | Create | Villager (Male) |
| 7:58 | Create | Villager (Male) |
| 8:00 | Create | Villager (Male) |
| 8:48 | Build | Lumber Camp |
| 8:50 | Create | Villager (Male) |
| 8:51 | Create | Villager (Male) |
| 10:00 | Create | Villager (Male) |
| 10:00 | Create | Villager (Male) |
| 10:00 | Create | Villager (Male) |
| 10:01 | Create | Villager (Male) |
| 10:01 | Create | Villager (Male) |
| 10:01 | Create | Villager (Male) |
| 10:19 | Build | Farm |
| 10:19 | Build | Farm |
| 10:19 | Build | Farm |
| 10:19 | Build | Farm |
| 10:19 | Build | Farm |
| 10:19 | Build | Farm |
| 10:19 | Build | Farm |
| 10:19 | Build | Farm |
| 10:19 | Build | Farm |
| 10:19 | Build | Farm |
| 10:19 | Build | Farm |
| 10:19 | Build | Farm |
| 10:19 | Build | Farm |
| 10:19 | Build | Farm |
| 10:19 | Build | Farm |
| 10:19 | Build | Farm |
| 10:19 | Build | Farm |
| 10:19 | Build | Farm |
| 10:20 | Build | Farm |
| 10:20 | Build | Farm |
| 10:20 | Build | Farm |
| 10:21 | Build | Farm |
| 10:21 | Build | Farm |
| 10:21 | Build | Farm |
| 10:21 | Build | Farm |
| 10:21 | Build | Farm |
| 10:21 | Build | Farm |
| 10:32 | Research | Loom |
| 10:52 | Build | Farm |
| 10:52 | Build | Farm |
| 10:52 | Build | Farm |
| 10:52 | Build | Farm |
| 10:52 | Build | Farm |
| 10:52 | Build | Farm |
| 10:53 | Build | Farm |
| 11:47 | Create | Villager (Male) |
| 11:48 | Create | Villager (Male) |
| 11:48 | Create | Villager (Male) |
| 11:48 | Create | Villager (Male) |
| 11:48 | Create | Villager (Male) |
| 11:49 | Create | Villager (Male) |
| 11:49 | Create | Villager (Male) |
| 11:49 | Create | Villager (Male) |
| 11:50 | Create | Villager (Male) |
| 12:13 | Build | Farm |
| 12:13 | Build | Farm |
| 12:13 | Build | Farm |
| 12:13 | Build | Farm |
| 12:13 | Build | Farm |
| 12:13 | Build | Farm |
| 12:21 | Create | Villager (Male) |
| 12:35 | Research | Feudal Age |
| 13:09 | Build | Mining Camp |
| 13:20 | Create | Villager (Male) |
| 13:21 | Create | Villager (Male) |
| 13:32 | Build | Lumber Camp |
| 13:44 | Build | Farm |
| 13:44 | Build | Farm |
| 13:44 | Build | Farm |
| 13:44 | Build | Farm |
| 13:44 | Build | Farm |
| 13:47 | Build | Farm |
| 13:47 | Build | Farm |
| 13:47 | Build | Farm |
| 13:47 | Build | Farm |
| 14:14 | Build | Farm |
| 14:14 | Build | Farm |
| 14:14 | Build | Farm |
| 14:14 | Build | Farm |
| 14:15 | Build | Farm |
| 14:26 | Create | Villager (Male) |
| 15:10 | Build | Farm |
| 15:10 | Build | Farm |
| 15:10 | Build | Farm |
| 15:10 | Build | Farm |
| 15:23 | Build | House |
| 15:27 | Build | House |
| 15:29 | Build | House |
| 15:32 | Build | House |
| 15:35 | Build | Farm |
| 15:37 | Build | House |
| 15:45 | Build | House |
| 15:47 | Create | Villager (Male) |
| 15:47 | Create | Villager (Male) |
| 15:49 | Research | Wheelbarrow |
| 15:51 | Research | Town Watch |
| 16:11 | Research | Double-Bit Axe |
| 16:42 | Research | Horse Collar |
| 16:49 | Create | Villager (Male) |
| 16:50 | Build | Farm |
| 16:50 | Build | Farm |
| 16:50 | Build | Farm |
| 16:51 | Build | Farm |
| 16:51 | Build | Farm |
| 16:51 | Create | Villager (Male) |
| 16:51 | Create | Villager (Male) |
| 16:51 | Create | Villager (Male) |
| 16:52 | Create | Villager (Male) |
| 16:52 | Create | Villager (Male) |
| 16:52 | Create | Villager (Male) |
| 17:15 | Create | Villager (Male) |
| 17:16 | Create | Villager (Male) |
| 17:16 | Create | Villager (Male) |
| 17:30 | Build | Mining Camp |
| 17:36 | Create | Villager (Male) |
| 17:38 | Create | Villager (Male) |
| 17:47 | Build | Farm |
| 17:47 | Build | Farm |
| 17:47 | Build | Farm |
| 18:53 | Build | Market |
| 19:17 | Build | Blacksmith |
| 19:26 | Build | Lumber Camp |
Build order — Spike
First 150 of 574 actions detected
| 0:24 | Build | House |
| 0:26 | Build | House |
| 0:27 | Build | House |
| 0:29 | Create | Villager (Male) |
| 0:29 | Create | Villager (Male) |
| 0:30 | Create | Villager (Male) |
| 0:30 | Create | Villager (Male) |
| 1:40 | Create | Villager (Male) |
| 1:40 | Create | Villager (Male) |
| 1:40 | Create | Villager (Male) |
| 2:11 | Build | Lumber Camp |
| 2:37 | Create | Villager (Male) |
| 2:37 | Create | Villager (Male) |
| 3:37 | Create | Villager (Male) |
| 3:37 | Create | Villager (Male) |
| 3:38 | Create | Villager (Male) |
| 3:38 | Create | Villager (Male) |
| 3:38 | Create | Villager (Male) |
| 5:17 | Build | Mill |
| 5:28 | Create | Villager (Male) |
| 5:28 | Create | Villager (Male) |
| 5:29 | Create | Villager (Male) |
| 5:30 | Create | Villager (Male) |
| 5:30 | Create | Villager (Male) |
| 6:41 | Build | House |
| 6:46 | Build | House |
| 6:49 | Build | House |
| 8:09 | Create | Villager (Male) |
| 8:10 | Create | Villager (Male) |
| 8:10 | Create | Villager (Male) |
| 8:55 | Build | Farm |
| 8:55 | Build | Farm |
| 8:56 | Build | Farm |
| 8:56 | Build | Farm |
| 9:27 | Create | Villager (Male) |
| 10:02 | Research | Feudal Age |
| 11:29 | Create | Villager (Male) |
| 11:29 | Create | Villager (Male) |
| 11:30 | Create | Villager (Male) |
| 11:30 | Create | Villager (Male) |
| 11:30 | Create | Villager (Male) |
| 11:30 | Create | Villager (Male) |
| 11:31 | Create | Villager (Male) |
| 11:31 | Create | Villager (Male) |
| 11:31 | Create | Villager (Male) |
| 12:38 | Build | Blacksmith |
| 13:21 | Build | Mill |
| 13:37 | Build | Market |
| 14:01 | Build | Mining Camp |
| 14:07 | Build | Farm |
| 14:07 | Build | Farm |
| 14:08 | Build | Farm |
| 14:08 | Build | Farm |
| 14:08 | Build | Farm |
| 14:08 | Build | Farm |
| 14:09 | Build | Farm |
| 14:12 | Build | Farm |
| 14:12 | Build | Farm |
| 14:12 | Build | Farm |
| 14:12 | Build | Farm |
| 14:13 | Build | Farm |
| 14:42 | Build | Mining Camp |
| 15:19 | Build | House |
| 15:19 | Build | House |
| 15:21 | Build | House |
| 15:22 | Build | House |
| 15:23 | Build | House |
| 15:25 | Build | House |
| 16:18 | Create | Villager (Male) |
| 16:19 | Create | Villager (Male) |
| 16:19 | Create | Villager (Male) |
| 16:19 | Create | Villager (Male) |
| 17:32 | Build | Mining Camp |
| 17:40 | Create | Villager (Male) |
| 17:40 | Create | Villager (Male) |
| 17:41 | Create | Villager (Male) |
| 18:19 | Build | Barracks |
| 19:16 | Create | Villager (Male) |
| 19:16 | Create | Villager (Male) |
| 19:36 | Research | Castle Age |
| 19:54 | Research | Double-Bit Axe |
| 19:58 | Research | Horse Collar |
| 20:01 | Research | Scale Barding Armor |
| 20:02 | Research | Padded Archer Armor |
| 20:41 | Build | Archery Range |
| 20:42 | Build | Archery Range |
| 20:44 | Build | Archery Range |
| 21:07 | Research | Forging |
| 22:16 | Build | Town Center |
| 22:27 | Create | Villager (Male) |
| 22:27 | Create | Villager (Male) |
| 22:28 | Create | Villager (Male) |
| 22:28 | Create | Villager (Male) |
| 22:28 | Create | Villager (Male) |
| 22:29 | Create | Villager (Male) |
| 22:29 | Create | Villager (Male) |
| 22:29 | Create | Villager (Male) |
| 22:29 | Create | Villager (Male) |
| 22:55 | Create | Villager (Male) |
| 22:55 | Create | Villager (Male) |
| 23:40 | Create | Villager (Male) |
| 23:41 | Create | Villager (Male) |
| 23:41 | Create | Villager (Male) |
| 23:41 | Create | Villager (Male) |
| 23:41 | Create | Villager (Male) |
| 24:17 | Build | Castle |
| 24:55 | Research | Chain Barding Armor |
| 25:07 | Build | University |
| 25:28 | Create | Trade Cart |
| 25:28 | Create | Trade Cart |
| 25:29 | Create | Trade Cart |
| 25:29 | Create | Trade Cart |
| 26:08 | Build | Mining Camp |
| 26:20 | Build | Farm |
| 26:20 | Build | Farm |
| 26:20 | Build | Farm |
| 26:51 | Build | Castle |
| 27:04 | Build | Town Center |
| 27:22 | Build | Town Center |
| 27:40 | Research | Kamandaran |
| 28:26 | Build | Archery Range |
| 28:27 | Build | Archery Range |
| 28:30 | Build | Archery Range |
| 28:32 | Build | Archery Range |
| 28:47 | Research | Crossbowman (upgrade) |
| 28:50 | Create | Archer |
| 28:51 | Create | Archer |
| 28:51 | Create | Archer |
| 29:02 | Create | Villager (Male) |
| 29:02 | Create | Villager (Male) |
| 29:02 | Create | Villager (Male) |
| 29:02 | Create | Villager (Male) |
| 29:08 | Build | Farm |
| 29:17 | Build | Farm |
| 29:24 | Create | Villager (Male) |
| 29:24 | Create | Villager (Male) |
| 29:48 | Create | Villager (Male) |
| 29:48 | Create | Villager (Male) |
| 29:48 | Create | Villager (Male) |
| 29:49 | Create | Villager (Male) |
| 30:27 | Build | Market |
| 31:04 | Build | Farm |
| 31:13 | Build | Farm |
| 31:14 | Build | Farm |
| 31:27 | Build | Castle |
| 31:33 | Research | Thumb Ring |
| 31:35 | Create | Archer |
| 31:35 | Create | Archer |
| 31:35 | Create | Archer |
| 31:59 | Create | Villager (Male) |
Build order — angelottis
First 150 of 1026 actions detected
| 0:05 | Research | Loom |
| 0:06 | Create | Villager (Male) |
| 0:06 | Create | Villager (Male) |
| 0:06 | Create | Villager (Male) |
| 0:07 | Create | Villager (Male) |
| 0:16 | Build | Palisade Wall |
| 1:15 | Build | House |
| 1:16 | Build | House |
| 1:21 | Build | House |
| 1:22 | Build | House |
| 1:29 | Build | House |
| 1:31 | Build | House |
| 1:33 | Build | House |
| 3:21 | Create | Villager (Male) |
| 3:55 | Create | Villager (Male) |
| 4:19 | Create | Villager (Male) |
| 4:34 | Create | Villager (Male) |
| 5:13 | Create | Villager (Male) |
| 5:13 | Create | Villager (Male) |
| 6:24 | Create | Villager (Male) |
| 6:24 | Create | Villager (Male) |
| 6:25 | Create | Villager (Male) |
| 6:25 | Create | Villager (Male) |
| 6:25 | Create | Villager (Male) |
| 6:47 | Create | Villager (Male) |
| 6:47 | Create | Villager (Male) |
| 8:49 | Build | Mill |
| 9:07 | Create | Villager (Male) |
| 9:07 | Create | Villager (Male) |
| 9:08 | Create | Villager (Male) |
| 9:08 | Create | Villager (Male) |
| 10:16 | Build | Lumber Camp |
| 11:31 | Create | Villager (Male) |
| 11:32 | Create | Villager (Male) |
| 11:33 | Create | Villager (Male) |
| 11:34 | Create | Villager (Male) |
| 12:04 | Build | Mill |
| 12:58 | Research | Feudal Age |
| 14:00 | Build | Mill |
| 14:19 | Build | Farm |
| 14:21 | Build | Farm |
| 14:22 | Build | Farm |
| 14:42 | Build | Farm |
| 14:45 | Build | Farm |
| 14:46 | Build | Farm |
| 14:47 | Build | Farm |
| 15:02 | Create | Villager (Male) |
| 15:03 | Create | Villager (Male) |
| 15:26 | Research | Double-Bit Axe |
| 15:28 | Research | Horse Collar |
| 15:56 | Build | Stone Wall |
| 16:15 | Create | Villager (Male) |
| 16:15 | Create | Villager (Male) |
| 16:50 | Create | Villager (Male) |
| 16:51 | Create | Villager (Male) |
| 16:55 | Create | Villager (Male) |
| 16:56 | Create | Villager (Male) |
| 17:10 | Build | Market |
| 17:17 | Build | Market |
| 17:30 | Build | Mining Camp |
| 17:40 | Create | Villager (Male) |
| 18:10 | Build | House |
| 18:19 | Build | House |
| 18:25 | Build | House |
| 18:28 | Research | Gold Mining |
| 18:39 | Build | Blacksmith |
| 19:18 | Research | Castle Age |
| 19:22 | Build | Mining Camp |
| 19:35 | Build | Outpost |
| 19:43 | Build | Outpost |
| 19:56 | Research | Stone Mining |
| 20:22 | Research | Scale Barding Armor |
| 20:27 | Research | Forging |
| 21:10 | Create | Villager (Male) |
| 21:31 | Create | Villager (Male) |
| 21:36 | Build | Outpost |
| 22:10 | Build | Barracks |
| 22:15 | Research | Scale Mail Armor |
| 22:26 | Research | Heavy Plow |
| 22:26 | Research | Heavy Plow |
| 22:34 | Research | Bow Saw |
| 22:45 | Research | Caravan |
| 22:55 | Build | Farm |
| 23:00 | Build | Stable |
| 23:13 | Create | Trade Cart |
| 23:13 | Create | Trade Cart |
| 23:33 | Build | Farm |
| 23:56 | Build | House |
| 23:57 | Build | House |
| 23:59 | Build | House |
| 24:00 | Build | House |
| 24:04 | Create | Villager (Male) |
| 24:04 | Create | Villager (Male) |
| 24:14 | Build | Town Center |
| 24:28 | Build | Town Center |
| 24:43 | Build | Farm |
| 25:00 | Build | Farm |
| 25:02 | Create | Villager (Male) |
| 25:03 | Create | Villager (Male) |
| 25:07 | Create | Trade Cart |
| 25:08 | Create | Trade Cart |
| 25:12 | Research | Wheelbarrow |
| 25:40 | Build | Farm |
| 25:44 | Build | Farm |
| 25:51 | Create | Villager (Male) |
| 25:51 | Create | Villager (Male) |
| 25:53 | Create | Villager (Male) |
| 25:54 | Create | Villager (Male) |
| 26:08 | Build | Siege Workshop |
| 26:24 | Build | Castle |
| 26:38 | Build | House |
| 26:40 | Build | House |
| 26:45 | Build | Farm |
| 26:49 | Build | Farm |
| 26:50 | Create | Villager (Male) |
| 26:51 | Create | Villager (Male) |
| 27:01 | Create | Scorpion |
| 27:03 | Research | Bloodlines |
| 27:16 | Create | Trade Cart |
| 27:16 | Create | Trade Cart |
| 27:30 | Create | Villager (Male) |
| 27:31 | Create | Villager (Male) |
| 27:46 | Build | Farm |
| 27:53 | Build | Farm |
| 28:06 | Build | Monastery |
| 28:14 | Build | Farm |
| 28:21 | Build | Farm |
| 28:26 | Create | Villager (Male) |
| 28:27 | Create | Villager (Male) |
| 28:31 | Create | Monk |
| 28:55 | Build | Farm |
| 28:59 | Build | Farm |
| 29:05 | Create | Trade Cart |
| 29:06 | Create | Trade Cart |
| 29:13 | Build | Farm |
| 29:24 | Create | Villager (Male) |
| 29:24 | Create | Villager (Male) |
| 29:45 | Create | Villager (Male) |
| 29:45 | Create | Villager (Male) |
| 29:50 | Research | Hand Cart |
| 29:57 | Research | Husbandry |
| 30:00 | Create | Scorpion |
| 30:01 | Create | Scorpion |
| 30:20 | Build | Farm |
| 30:24 | Build | Farm |
| 30:38 | Research | Scale Barding Armor |
| 30:41 | Create | Knight |
| 30:42 | Create | Knight |
| 30:52 | Build | University |
| 30:59 | Build | Mining Camp |
Build order — guang
First 150 of 457 actions detected
| 0:01 | Create | Villager (Male) |
| 0:01 | Create | Villager (Male) |
| 0:02 | Create | Villager (Male) |
| 0:03 | Build | House |
| 0:05 | Build | House |
| 0:39 | Create | Villager (Male) |
| 1:52 | Create | Villager (Male) |
| 1:52 | Create | Villager (Male) |
| 1:53 | Create | Villager (Male) |
| 1:53 | Create | Villager (Male) |
| 1:58 | Build | Lumber Camp |
| 2:27 | Create | Villager (Male) |
| 2:54 | Create | Villager (Male) |
| 2:55 | Create | Villager (Male) |
| 2:55 | Create | Villager (Male) |
| 2:55 | Create | Villager (Male) |
| 3:19 | Create | Villager (Male) |
| 3:19 | Create | Villager (Male) |
| 3:20 | Create | Villager (Male) |
| 3:39 | Build | House |
| 3:47 | Build | House |
| 4:02 | Create | Villager (Male) |
| 4:03 | Create | Villager (Male) |
| 4:03 | Create | Villager (Male) |
| 4:03 | Create | Villager (Male) |
| 4:03 | Create | Villager (Male) |
| 4:18 | Create | Villager (Male) |
| 4:19 | Create | Villager (Male) |
| 4:19 | Create | Villager (Male) |
| 4:45 | Build | Mill |
| 4:50 | Create | Villager (Male) |
| 5:48 | Build | House |
| 5:56 | Create | Villager (Male) |
| 5:56 | Create | Villager (Male) |
| 5:56 | Create | Villager (Male) |
| 6:00 | Create | Villager (Male) |
| 6:00 | Create | Villager (Male) |
| 6:00 | Create | Villager (Male) |
| 6:00 | Create | Villager (Male) |
| 6:33 | Build | Mill |
| 6:35 | Create | Villager (Male) |
| 6:35 | Create | Villager (Male) |
| 6:35 | Create | Villager (Male) |
| 7:02 | Create | Villager (Male) |
| 7:03 | Create | Villager (Male) |
| 7:03 | Create | Villager (Male) |
| 7:03 | Create | Villager (Male) |
| 7:09 | Create | Villager (Male) |
| 7:09 | Create | Villager (Male) |
| 7:09 | Create | Villager (Male) |
| 7:09 | Create | Villager (Male) |
| 7:10 | Create | Villager (Male) |
| 7:53 | Build | Palisade Wall |
| 8:00 | Create | Villager (Male) |
| 8:00 | Create | Villager (Male) |
| 8:01 | Create | Villager (Male) |
| 8:44 | Create | Villager (Male) |
| 8:44 | Create | Villager (Male) |
| 8:44 | Create | Villager (Male) |
| 8:44 | Create | Villager (Male) |
| 8:45 | Create | Villager (Male) |
| 8:49 | Create | Villager (Male) |
| 9:06 | Create | Villager (Male) |
| 9:41 | Create | Villager (Male) |
| 9:45 | Create | Villager (Male) |
| 9:50 | Research | Feudal Age |
| 11:05 | Build | Mining Camp |
| 11:12 | Create | Villager (Male) |
| 11:13 | Create | Villager (Male) |
| 12:37 | Build | House |
| 12:48 | Build | Blacksmith |
| 13:00 | Build | Market |
| 13:01 | Create | Villager (Male) |
| 13:02 | Create | Villager (Male) |
| 13:02 | Create | Villager (Male) |
| 13:02 | Create | Villager (Male) |
| 13:13 | Build | Lumber Camp |
| 13:23 | Build | Farm |
| 13:23 | Build | Farm |
| 13:24 | Build | Farm |
| 14:09 | Build | Farm |
| 14:21 | Build | Farm |
| 14:40 | Research | Castle Age |
| 15:13 | Research | Horse Collar |
| 15:20 | Build | Farm |
| 15:25 | Build | Farm |
| 15:32 | Build | Farm |
| 15:53 | Build | House |
| 16:14 | Build | House |
| 16:15 | Build | House |
| 16:18 | Build | House |
| 16:21 | Build | House |
| 16:49 | Research | Double-Bit Axe |
| 17:27 | Build | Town Center |
| 17:30 | Create | Villager (Male) |
| 17:30 | Create | Villager (Male) |
| 17:30 | Create | Villager (Male) |
| 17:49 | Build | Town Center |
| 17:51 | Create | Villager (Male) |
| 17:51 | Create | Villager (Male) |
| 17:52 | Create | Villager (Male) |
| 18:10 | Create | Villager (Male) |
| 18:10 | Create | Villager (Male) |
| 18:10 | Create | Villager (Male) |
| 18:25 | Build | Farm |
| 18:28 | Research | Heavy Plow |
| 18:39 | Build | Farm |
| 18:52 | Build | Farm |
| 19:06 | Build | Monastery |
| 19:18 | Create | Villager (Male) |
| 19:18 | Create | Villager (Male) |
| 19:20 | Create | Villager (Male) |
| 19:27 | Build | Farm |
| 19:30 | Build | Farm |
| 19:35 | Build | Farm |
| 19:40 | Build | Farm |
| 19:40 | Build | Farm |
| 19:40 | Build | Farm |
| 19:46 | Create | Villager (Male) |
| 19:46 | Create | Villager (Male) |
| 19:51 | Create | Monk |
| 20:09 | Build | Mining Camp |
| 20:11 | Create | Monk |
| 20:23 | Build | Farm |
| 20:28 | Create | Villager (Male) |
| 20:28 | Create | Villager (Male) |
| 20:29 | Create | Villager (Male) |
| 20:29 | Create | Villager (Male) |
| 20:29 | Create | Villager (Male) |
| 20:29 | Create | Villager (Male) |
| 20:29 | Create | Villager (Male) |
| 20:30 | Create | Villager (Male) |
| 20:30 | Create | Villager (Male) |
| 20:30 | Create | Villager (Male) |
| 20:36 | Build | Farm |
| 20:58 | Build | Farm |
| 21:12 | Build | Farm |
| 21:13 | Build | Farm |
| 21:13 | Build | Farm |
| 21:13 | Build | Farm |
| 21:13 | Build | Farm |
| 21:13 | Build | Farm |
| 21:29 | Create | Villager (Male) |
| 21:29 | Create | Villager (Male) |
| 21:30 | Create | Villager (Male) |
| 21:30 | Create | Villager (Male) |
| 21:37 | Research | Wheelbarrow |
| 22:19 | Create | Villager (Male) |
| 22:19 | Create | Villager (Male) |
| 22:20 | Create | Villager (Male) |
Build order — Marisol
First 150 of 1125 actions detected
| 0:01 | Create | Villager (Male) |
| 0:02 | Research | Loom |
| 0:02 | Create | Villager (Male) |
| 0:02 | Create | Villager (Male) |
| 0:02 | Create | Villager (Male) |
| 0:03 | Create | Villager (Male) |
| 0:09 | Build | House |
| 1:08 | Build | House |
| 1:10 | Build | House |
| 1:11 | Build | House |
| 1:13 | Build | House |
| 1:53 | Create | Villager (Male) |
| 1:53 | Create | Villager (Male) |
| 1:54 | Create | Villager (Male) |
| 2:21 | Create | Villager (Male) |
| 2:21 | Create | Villager (Male) |
| 2:21 | Create | Villager (Male) |
| 3:03 | Create | Villager (Male) |
| 3:04 | Create | Villager (Male) |
| 3:04 | Create | Villager (Male) |
| 3:04 | Create | Villager (Male) |
| 3:21 | Create | Villager (Male) |
| 3:21 | Create | Villager (Male) |
| 3:21 | Create | Villager (Male) |
| 3:21 | Create | Villager (Male) |
| 3:35 | Create | Villager (Male) |
| 3:35 | Create | Villager (Male) |
| 3:36 | Create | Villager (Male) |
| 4:18 | Create | Villager (Male) |
| 4:18 | Create | Villager (Male) |
| 4:19 | Create | Villager (Male) |
| 4:19 | Create | Villager (Male) |
| 4:44 | Build | Mill |
| 4:50 | Create | Villager (Male) |
| 4:51 | Create | Villager (Male) |
| 4:51 | Create | Villager (Male) |
| 5:22 | Create | Villager (Male) |
| 5:22 | Create | Villager (Male) |
| 5:22 | Create | Villager (Male) |
| 5:23 | Create | Villager (Male) |
| 5:46 | Build | Lumber Camp |
| 5:52 | Create | Villager (Male) |
| 5:53 | Create | Villager (Male) |
| 5:53 | Create | Villager (Male) |
| 5:53 | Create | Villager (Male) |
| 5:53 | Create | Villager (Male) |
| 5:53 | Create | Villager (Male) |
| 6:11 | Create | Villager (Male) |
| 6:12 | Create | Villager (Male) |
| 6:12 | Create | Villager (Male) |
| 6:54 | Create | Villager (Male) |
| 6:54 | Create | Villager (Male) |
| 6:54 | Create | Villager (Male) |
| 7:09 | Create | Villager (Male) |
| 7:39 | Create | Villager (Male) |
| 7:39 | Create | Villager (Male) |
| 7:39 | Create | Villager (Male) |
| 7:39 | Create | Villager (Male) |
| 8:33 | Create | Villager (Male) |
| 8:33 | Create | Villager (Male) |
| 8:33 | Create | Villager (Male) |
| 9:32 | Create | Villager (Male) |
| 9:46 | Build | Mining Camp |
| 10:04 | Create | Villager (Male) |
| 10:33 | Research | Feudal Age |
| 10:42 | Build | Farm |
| 10:48 | Build | Farm |
| 10:59 | Build | Farm |
| 11:12 | Build | Mill |
| 11:49 | Create | Villager (Male) |
| 11:49 | Create | Villager (Male) |
| 12:49 | Build | Market |
| 12:58 | Build | Blacksmith |
| 13:41 | Research | Castle Age |
| 14:09 | Research | Double-Bit Axe |
| 14:22 | Build | House |
| 14:24 | Build | House |
| 14:59 | Build | Mill |
| 15:53 | Build | House |
| 16:02 | Create | Villager (Male) |
| 16:34 | Build | Town Center |
| 16:38 | Create | Villager (Male) |
| 16:45 | Build | House |
| 16:47 | Build | House |
| 16:53 | Create | Villager (Male) |
| 16:55 | Research | Bow Saw |
| 17:04 | Create | Villager (Male) |
| 17:04 | Create | Villager (Male) |
| 17:19 | Build | Town Center |
| 17:29 | Create | Villager (Male) |
| 17:41 | Create | Villager (Male) |
| 17:53 | Build | House |
| 17:56 | Build | House |
| 18:25 | Create | Villager (Male) |
| 18:28 | Create | Villager (Male) |
| 18:28 | Create | Villager (Male) |
| 18:41 | Build | Town Center |
| 18:58 | Build | House |
| 19:00 | Build | House |
| 19:02 | Build | House |
| 19:06 | Create | Villager (Male) |
| 19:16 | Create | Villager (Male) |
| 19:16 | Create | Villager (Male) |
| 19:17 | Create | Villager (Male) |
| 19:17 | Create | Villager (Male) |
| 19:30 | Build | Lumber Camp |
| 19:43 | Create | Villager (Male) |
| 19:44 | Create | Villager (Male) |
| 19:45 | Create | Villager (Male) |
| 19:45 | Create | Villager (Male) |
| 19:45 | Create | Villager (Male) |
| 19:45 | Create | Villager (Male) |
| 19:46 | Create | Villager (Male) |
| 20:01 | Build | Farm |
| 20:02 | Build | Farm |
| 20:03 | Build | Farm |
| 20:04 | Build | Farm |
| 20:05 | Build | Farm |
| 20:09 | Build | Farm |
| 20:10 | Build | Farm |
| 20:11 | Build | Farm |
| 20:15 | Create | Villager (Male) |
| 20:15 | Create | Villager (Male) |
| 20:16 | Create | Villager (Male) |
| 20:16 | Create | Villager (Male) |
| 20:23 | Build | House |
| 20:24 | Build | House |
| 20:25 | Build | House |
| 20:37 | Create | Villager (Male) |
| 20:37 | Create | Villager (Male) |
| 20:37 | Create | Villager (Male) |
| 20:38 | Create | Villager (Male) |
| 20:38 | Create | Villager (Male) |
| 20:38 | Create | Villager (Male) |
| 20:41 | Build | Farm |
| 20:42 | Build | Farm |
| 20:43 | Build | Farm |
| 20:45 | Build | Farm |
| 20:57 | Build | Farm |
| 20:58 | Build | Farm |
| 21:01 | Build | Farm |
| 21:13 | Build | Farm |
| 21:15 | Build | Farm |
| 21:20 | Build | Farm |
| 21:22 | Build | Farm |
| 21:23 | Create | Villager (Male) |
| 21:24 | Create | Villager (Male) |
| 21:24 | Create | Villager (Male) |
| 21:24 | Create | Villager (Male) |
| 21:28 | Build | Farm |
Build order — even star
First 150 of 544 actions detected
| 0:05 | Build | House |
| 0:07 | Build | House |
| 0:11 | Build | House |
| 0:12 | Research | Loom |
| 0:14 | Create | Villager (Male) ×4 |
| 2:11 | Create | Villager (Male) |
| 2:11 | Create | Villager (Male) |
| 2:43 | Build | Lumber Camp |
| 2:49 | Create | Villager (Male) |
| 2:49 | Create | Villager (Male) |
| 3:37 | Create | Villager (Male) |
| 3:39 | Create | Villager (Male) |
| 4:03 | Create | Villager (Male) |
| 4:12 | Build | Mill |
| 4:24 | Create | Villager (Male) |
| 4:25 | Create | Villager (Male) |
| 5:03 | Create | Villager (Male) |
| 5:04 | Create | Villager (Male) |
| 5:30 | Create | Villager (Male) |
| 5:39 | Create | Villager (Male) |
| 5:40 | Create | Villager (Male) |
| 6:08 | Create | Villager (Male) |
| 6:21 | Create | Villager (Male) |
| 6:33 | Build | House |
| 7:51 | Create | Villager (Male) |
| 7:56 | Create | Villager (Male) |
| 8:24 | Build | Mining Camp |
| 8:43 | Build | Mill |
| 8:52 | Create | Villager (Male) |
| 9:22 | Research | Feudal Age |
| 10:26 | Create | Villager (Male) |
| 10:40 | Build | House |
| 10:44 | Build | House |
| 11:29 | Create | Villager (Male) |
| 11:46 | Build | Blacksmith |
| 12:11 | Build | Market |
| 12:15 | Build | House |
| 12:22 | Create | Villager (Male) |
| 12:53 | Create | Villager (Male) |
| 12:59 | Research | Double-Bit Axe |
| 13:20 | Research | Wheelbarrow |
| 14:09 | Research | Horse Collar |
| 14:23 | Build | Farm |
| 14:24 | Build | Farm |
| 14:25 | Build | Farm |
| 14:40 | Build | Lumber Camp |
| 14:45 | Research | Castle Age |
| 15:05 | Build | Barracks |
| 15:19 | Research | Gold Mining |
| 15:45 | Research | Stone Mining |
| 16:01 | Build | Farm |
| 16:05 | Create | Villager (Male) |
| 16:26 | Build | Watch Tower |
| 16:45 | Build | House |
| 16:50 | Build | House |
| 16:52 | Build | House |
| 16:53 | Build | House |
| 16:56 | Build | House |
| 17:02 | Create | Villager (Male) |
| 17:37 | Build | Town Center |
| 17:47 | Build | Town Center |
| 18:04 | Create | Villager (Male) |
| 18:17 | Build | Town Center |
| 18:33 | Create | Villager (Male) |
| 18:37 | Research | Bow Saw |
| 18:53 | Create | Villager (Male) |
| 19:09 | Create | Villager (Male) |
| 19:10 | Create | Villager (Male) |
| 19:13 | Build | Farm |
| 19:41 | Build | Farm |
| 19:48 | Create | Villager (Male) |
| 20:01 | Build | Mill |
| 20:03 | Build | Farm |
| 20:03 | Build | Farm |
| 20:04 | Build | Farm |
| 20:04 | Build | Farm |
| 20:04 | Build | Farm |
| 20:05 | Build | Farm |
| 20:06 | Build | Farm |
| 20:07 | Build | Farm |
| 20:11 | Create | Villager (Male) |
| 20:26 | Build | Monastery |
| 20:31 | Build | University |
| 20:44 | Create | Villager (Male) |
| 20:56 | Build | Town Center |
| 21:20 | Create | Villager (Male) ×2 |
| 21:33 | Build | Farm |
| 21:35 | Build | Farm |
| 21:41 | Build | Farm |
| 21:46 | Build | Farm |
| 21:47 | Build | Farm |
| 21:51 | Build | Farm |
| 21:53 | Build | Farm |
| 22:03 | Create | Villager (Male) ×4 |
| 22:17 | Build | Farm |
| 22:33 | Create | Villager (Male) ×4 |
| 22:49 | Build | Farm |
| 23:07 | Create | Villager (Male) ×4 |
| 23:19 | Create | Villager (Male) |
| 23:28 | Research | Treadmill Crane |
| 23:33 | Build | House |
| 23:35 | Build | House |
| 23:37 | Create | Villager (Male) ×3 |
| 23:38 | Create | Villager (Male) ×3 |
| 24:16 | Build | Farm |
| 24:18 | Create | Villager (Male) ×5 |
| 24:21 | Create | Villager (Male) ×3 |
| 24:27 | Build | Farm |
| 24:38 | Build | Farm |
| 24:42 | Build | Farm |
| 24:44 | Create | Villager (Male) ×4 |
| 24:54 | Build | Farm |
| 24:56 | Build | Farm |
| 24:58 | Build | Farm |
| 25:04 | Create | Villager (Male) ×2 |
| 25:13 | Build | Farm |
| 25:16 | Build | Farm |
| 25:19 | Build | Farm |
| 25:34 | Build | Farm |
| 25:36 | Build | Farm |
| 25:40 | Build | Farm |
| 25:42 | Build | Farm |
| 25:46 | Build | Farm |
| 25:48 | Create | Villager (Male) ×5 |
| 25:53 | Research | Gold Shaft Mining |
| 25:58 | Build | Lumber Camp |
| 26:06 | Create | Monk |
| 26:42 | Build | House |
| 26:44 | Research | Hand Cart |
| 26:44 | Create | Villager (Male) ×5 |
| 26:53 | Build | Mining Camp |
| 27:23 | Build | Castle |
| 27:31 | Create | Villager (Male) ×5 |
| 27:54 | Build | Farm |
| 28:11 | Create | Villager (Male) ×5 |
| 28:12 | Create | Villager (Male) ×5 |
| 28:29 | Build | Barracks |
| 28:35 | Build | Barracks |
| 28:37 | Build | Barracks |
| 28:38 | Build | Barracks |
| 28:40 | Build | Barracks |
| 28:49 | Build | Lumber Camp |
| 28:56 | Create | Villager (Male) ×5 |
| 29:04 | Research | Forging |
| 29:04 | Research | Scale Mail Armor |
| 29:24 | Build | House |
| 29:25 | Build | House |
| 29:27 | Build | House |
| 29:28 | Build | House |
| 29:30 | Build | House |
Match timeline
| 0:16 | angelottis · wall_segment Palisade Wall x9 |
| 1:56 | dikshantsiwach6 · wall_segment Palisade Wall x11 |
| 3:35 | dikshantsiwach6 · wall_segment Palisade Wall x1 |
| 3:45 | dikshantsiwach6 · wall_segment Palisade Wall x10 |
| 3:53 | dikshantsiwach6 · wall_segment Palisade Wall x3 |
| 4:47 | dikshantsiwach6 · wall_segment Palisade Wall x3 |
| 4:59 | dikshantsiwach6 · wall_segment Palisade Wall x10 |
| 5:13 | dikshantsiwach6 · wall_segment Palisade Wall x15 |
| 5:34 | kewlkraut · wall_segment Palisade Wall x9 |
| 5:46 | kewlkraut · wall_segment Palisade Wall x16 |
| 6:00 | dikshantsiwach6 · wall_segment Palisade Wall x13 |
| 7:53 | guang · wall_segment Palisade Wall x10 |
| 10:02 | dikshantsiwach6 · wall_segment Palisade Wall x18 |
| 12:01 | dikshantsiwach6 · wall_segment Palisade Wall x16 |
| 13:28 | dikshantsiwach6 · wall_segment Palisade Wall x1 |
| 14:32 | guang · first_market_sell 100 wood |
| 15:05 | even star · first_building Barracks |
| 15:56 | angelottis · wall_segment Stone Wall x8 |
| 17:00 | Marisol · first_market_buy 100 food |
| 18:06 | BrendaG9918 · first_building Barracks |
| 18:19 | Spike · first_building Barracks |
| 19:06 | guang · first_building Monastery |
| 19:16 | angelottis · first_market_sell 100 wood |
| 19:59 | BrendaG9918 · first_building Archery Range |
| 20:26 | even star · first_building Monastery |
| 20:41 | Spike · first_building Archery Range |
| 21:25 | BrendaG9918 · first_building Stable |
| 21:44 | kewlkraut · first_building Barracks |
| 22:00 | Marisol · first_building Monastery |
| 22:10 | angelottis · first_building Barracks |
| 22:40 | angelottis · first_market_buy 100 food |
| 23:00 | angelottis · first_building Stable |
| 23:07 | guang · first_building Dock |
| 23:30 | BrendaG9918 · wall_segment Stone Wall x14 |
| 24:17 | Spike · first_building Castle |
| 26:07 | Marisol · first_building Castle |
| 26:08 | angelottis · first_building Siege Workshop |
| 26:24 | angelottis · first_building Castle |
| 26:46 | dikshantsiwach6 · first_building Barracks |
| 27:21 | BrendaG9918 · wall_segment Stone Wall x14 |
| 27:23 | even star · first_building Castle |
| 27:42 | dikshantsiwach6 · first_building Archery Range |
| 28:06 | angelottis · first_building Monastery |
| 28:28 | guang · first_building Castle |
| 28:55 | kewlkraut · first_building Castle |
| 28:56 | Marisol · first_building Barracks |
| 28:57 | dikshantsiwach6 · first_building Stable |
| 29:43 | guang · first_building Siege Workshop |
| 29:55 | kewlkraut · first_building Monastery |
| 30:21 | Marisol · first_building Stable |
| 31:06 | BrendaG9918 · first_building Castle |
| 31:48 | angelottis · wall_segment Stone Wall x8 |
| 32:04 | BrendaG9918 · first_building Siege Workshop |
| 32:35 | angelottis · wall_segment Stone Wall x2 |
| 32:53 | Spike · first_building Monastery |
| 32:53 | angelottis · wall_segment Stone Wall x3 |
| 33:09 | kewlkraut · first_building Archery Range |
| 33:20 | even star · first_building Siege Workshop |
| 33:29 | angelottis · wall_segment Stone Wall x3 |
| 33:58 | guang · first_building Barracks |
| 34:13 | angelottis · wall_segment Stone Wall x9 |
| 35:08 | Marisol · first_building Archery Range |
| 35:57 | Marisol · first_building Siege Workshop |
| 36:01 | guang · first_building Stable |
| 36:55 | kewlkraut · first_building Stable |
| 37:05 | BrendaG9918 · first_market_sell 100 stone |
| 37:08 | BrendaG9918 · first_market_buy 100 food |
| 38:43 | Marisol · wall_segment Stone Wall x16 |
| 42:25 | kewlkraut · first_market_sell 100 wood |
| 42:57 | dikshantsiwach6 · first_building Castle |
| 43:09 | kewlkraut · first_building Siege Workshop |
| 44:36 | Marisol · first_market_sell 100 food |
| 46:27 | dikshantsiwach6 · wall_segment Stone Wall x17 |
| 51:02 | dikshantsiwach6 · first_building Siege Workshop |
| 63:37 | even star · first_market_buy 100 stone |
| 73:07 | dikshantsiwach6 · first_market_sell 100 food |
| 73:59 | Marisol · wall_segment Stone Wall x9 |
| 78:42 | Marisol · wall_segment Stone Wall x5 |
| 80:04 | even star · first_market_sell 500 food |
| 80:16 | Marisol · wall_segment Stone Wall x8 |
| 85:40 | even star · resign |
[ AI ANALYSIS · 1 CREDIT ]
What really happened in this match?
Wolo.gg analyzes every decision: build order, eco, micro, common mistakes by bracket. Personalized analysis on WhatsApp or Discord in 30 seconds.
Civ guide
Byzantines
Map guide
Black Forest
Perfil
BrendaG9918